 Dungeon Crawl Stone Soup version 0.22-a0-3-g4fa69d9 (webtiles) character file.

91 tidbits the Grave Robber (level 4, 0/32 HPs)
             Began as a Gnoll Necromancer on Jan 1, 2018.
             Killed by divine providence
             ... invoked by an orc priest
              (15 damage)
             ... on level 3 of the Dungeon.
             The game lasted 00:07:25 (808 turns).

tidbits the Grave Robber (Gnoll Necromancer)         Turns: 808, Time: 00:07:25

Health: 0/32       AC:  4    Str: 10    XL:     4   Next: 57%
Magic:  5/11       EV: 15    Int: 18    God:
Gold:   126        SH:  0    Dex: 16    Spells: 5/13 levels left

rFire    + . .     SeeInvis .   k - +0 dagger
rCold    . . .     Gourm    .   (no shield)
rNeg     . . .     Faith    .   B - +2 robe {rF+}
rPois    .         Spirit   .   (no helmet)
rElec    .         Reflect  .   (no cloak)
rCorr    .         Harm     .   (no gloves)
MR       .....                  (no boots)
Stlth    +++.......             (no amulet)
HPRegen  0.10/turn              (no ring)
MPRegen  0.12/turn              (no ring)

@: about to teleport, very slightly contaminated
A: distributed training, fangs 1, strong nose
a: no special abilities


You were on level 3 of the Dungeon.
You were not hungry.

You visited 1 branch of the dungeon, and saw 4 of its levels.

You collected 126 gold pieces.

Inventory:

Hand Weapons
 f - a +0 hunting sling
 k - a +0 dagger (weapon)
Missiles
 h - 18 arrows
 j - 19 stones (quivered)
 o - 11 bolts
Armour
 a - a +0 robe
 e - a +3 ring mail
 B - a +2 robe of fire resistance (worn)
   (You found it on level 1 of the Dungeon)
Scrolls
 d - a scroll of amnesia
 g - a scroll of remove curse
 n - a scroll of fog {unknown}
Potions
 m - a potion of flight
Books
 b - a book of Necromancy

   Spells                             Type                      Level
   a - Pain                           Necromancy                   1
   b - Animate Skeleton               Necromancy                   1
   c - Vampiric Draining              Necromancy                   3
   d - Regeneration                   Charms/Necromancy            3
   e - Animate Dead                   Necromancy                   4
   f - Borgnjor's Vile Clutch         Necromancy/Earth             5
Comestibles
 c - 3 rations


   Skills:
 + Level 1.1 Fighting
 + Level 1.1 Short Blades
 + Level 1.1 Long Blades
 + Level 1.1 Axes
 + Level 1.1 Maces & Flails
 + Level 1.1 Polearms
 + Level 1.1 Staves
 + Level 1.1 Slings
 + Level 1.1 Bows
 + Level 1.1 Crossbows
 + Level 1.1 Throwing
 + Level 1.1 Armour
 + Level 4.6 Dodging
 + Level 4.2 Stealth
 + Level 1.1 Shields
 + Level 1.1 Unarmed Combat
 + Level 5.1 Spellcasting
 + Level 0.9 Conjurations
 + Level 0.9 Hexes
 + Level 0.9 Charms
 + Level 0.9 Summonings
 + Level 7.1 Necromancy
 + Level 0.9 Translocations
 + Level 0.9 Transmutations
 + Level 0.9 Fire Magic
 + Level 0.9 Ice Magic
 + Level 0.9 Air Magic
 + Level 0.9 Earth Magic
 + Level 0.9 Poison Magic
 + Level 1.2 Invocations
 + Level 1.1 Evocations


You had 5 spell levels left.
You knew the following spells:

 Your Spells              Type           Power        Failure   Level  Hunger
a - Pain                  Necr           ####         1%          1    None
n - Animate Skeleton      Necr           N/A          1%          1    None
r - Regeneration          Chrm/Necr      ###.......   8%          3    ##.....
v - Vampiric Draining     Necr           ####......   1%          3    ##.....


Dungeon Overview and Level Annotations

Branches:
Dungeon (4/15)
 Temple: D:4-7

Altars:
Uskayaw

Annotations:
D:3 Dirtsage's ghost, novice HOFi


Innate Abilities, Weirdness & Mutations

Your experience applies equally to all skills.
You have very sharp teeth.
Your uncanny sense of smell can sniff out nearby items.


Message History

Casting: Pain
Confirm with . or Enter, or press ? or * to list all spells.
Aiming: Pain
Press: ? - help, Shift-Dir - straight line, f - orc
Aim: an orc (chance to defeat MR: 93%)
The orc writhes in agony!
Dirtsage's ghost (novice Hill Orc Fighter) comes into view.
Okay, then.
Unknown command.
Unknown command.
You feel yourself speed up. The orc misses you.
Casting: Pain
Confirm with . or Enter, or press ? or * to list all spells.
Aiming: Pain
Press: ? - help, Shift-Dir - straight line, f - gnoll
Aim: a gnoll, wielding a club (chance to defeat MR: 89%)
The gnoll writhes in agony!
The gnoll shouts!
Casting: Pain
Confirm with . or Enter, or press ? or * to list all spells.
Aiming: Pain
Press: ? - help, Shift-Dir - straight line, f/p - gnoll
Aim: a gnoll, wielding a club (moderately wounded, chance to defeat MR: 89%)
The gnoll barely resists.
Casting: Pain
Confirm with . or Enter, or press ? or * to list all spells.
Aiming: Pain
Press: ? - help, Shift-Dir - straight line, f/p - gnoll
Aim: a gnoll, wielding a club (moderately wounded, chance to defeat MR: 89%)
The gnoll writhes in agony!
Casting: Pain
Confirm with . or Enter, or press ? or * to list all spells.
Aiming: Pain
Press: ? - help, Shift-Dir - straight line, f/p - gnoll
Aim: a gnoll, wielding a club (severely wounded, chance to defeat MR: 89%)
The gnoll writhes in agony!
You kill the gnoll!
Casting: Pain
Confirm with . or Enter, or press ? or * to list all spells.
Aiming: Pain
Press: ? - help, Shift-Dir - straight line, f - gnoll
Aim: a gnoll (chance to defeat MR: 89%)
The gnoll writhes in agony!
Casting: Pain
Confirm with . or Enter, or press ? or * to list all spells.
Aiming: Pain
Press: ? - help, Shift-Dir - straight line, f/p - gnoll
Aim: a gnoll (lightly wounded, chance to defeat MR: 89%)
The gnoll writhes in agony!
You hear the rusting of a distant drain.
Casting: Pain
Confirm with . or Enter, or press ? or * to list all spells.
Aiming: Pain
Press: ? - help, Shift-Dir - straight line, f/p - gnoll
Aim: a gnoll (moderately wounded, chance to defeat MR: 89%)
The gnoll writhes in agony!
The gnoll hits you but does no damage.
Casting: Pain
Confirm with . or Enter, or press ? or * to list all spells.
Aiming: Pain
Press: ? - help, Shift-Dir - straight line, f/p - gnoll
Aim: a gnoll (severely wounded, chance to defeat MR: 89%)
The gnoll writhes in agony!
You kill the gnoll!
The kobold shouts!
The kobold unwields an uncursed club.
The kobold wields a blowgun.
The kobold shoots a poisoned needle.
The poisoned needle closely misses you.
Your extra speed is starting to run out.
Found a short sword.
The gnoll barely misses you.
You feel yourself slow down.
Found 4 gold pieces.
An orc comes into view. It is wielding a short sword.
The orc shouts!
The orc throws a tomahawk.
The tomahawk hits you.
* * * LOW HITPOINT WARNING * * *
Found a helmet and a ration.
You see here a tomahawk.
The orc throws a tomahawk.
The tomahawk hits you but does no damage.
An orc comes into view. It is wielding a trident.
You see here a tomahawk.
Okay, then.
Blink to where?
Press: ? - help, Dir - move target cursor You are very lightly contaminated with residual magic.
As you read the scroll labeled CEHEGI PEELAXT, it crumbles to dust.
It was a scroll of blinking.
An orc comes into view. It is wielding a flail.
Found 21 stones and a scroll labeled BIFEKA TOBAFAJ.
Unknown command.
You see here 21 stones.
You see here a scroll labeled BIFEKA TOBAFAJ.
As you read the scroll labeled BIFEKA TOBAFAJ, it crumbles to dust.
You feel strangely unstable.
It was a scroll of teleportation.
A rat comes into view.
An orc priest comes into view. It is wielding a hand axe.
The orc priest shouts!
You hear a shout! x2
The orc priest invokes the aid of Beogh against you.
Beogh smites you!
You die...

#.)#########.###
#..# #g# .# ...#
#.# o# ...## #(#
.# ....# ##g## .#
###.# #..o## .# #
.# #.#.#.##o#g##
g#
#.##.##.#....###
.#
#..r....@.......
###g##
#.#..##.##...###
##...###.###.#.##
.## ...#....#
##.# # ##...###.#
#.# ##.## #.#
##.# #.. #..# ##
#.##


You could see an orc priest, a gnoll, 2 orcs, a goblin and a rat.

Vanquished Creatures
  A worker ant (D:4)
  An adder (D:2)
  2 gnolls (D:3)
  An ooze (D:2)
  A worm (D:2)
  An orc (D:3)
  3 bats
  5 giant cockroaches
  A hobgoblin (D:2)
  A ball python (D:1)
  3 frilled lizards
  5 goblins
  2 kobolds
  6 rats
33 creatures vanquished.

Notes
Turn   | Place    | Note
-------+----------+-------------------------------------------
     0 | D:1      | tidbits the Gnoll Necromancer began the quest for the Orb.
     0 | D:1      | Reached XP level 1. HP: 13/13 MP: 6/6
   331 | D:1      | Reached XP level 2. HP: 12/19 MP: 2/7
   334 | D:1      | Learned a level 1 spell: Animate Skeleton
   488 | D:2      | Reached XP level 3. HP: 7/25 MP: 0/9
   498 | D:2      | Reached skill level 5 in Spellcasting
   598 | D:3      | Learned a level 3 spell: Regeneration
   603 | D:3      | Learned a level 3 spell: Vampiric Draining
   640 | D:3      | Reached skill level 1 in Invocations
   659 | D:3      | Found a hide-covered altar of Uskayaw.
   730 | D:4      | Reached skill level 1 in Fighting
   730 | D:4      | Reached skill level 1 in Short Blades
   730 | D:4      | Reached skill level 1 in Long Blades
   730 | D:4      | Reached skill level 1 in Axes
   730 | D:4      | Reached skill level 1 in Maces & Flails
   730 | D:4      | Reached skill level 1 in Polearms
   730 | D:4      | Reached skill level 1 in Staves
   730 | D:4      | Reached skill level 1 in Slings
   730 | D:4      | Reached skill level 1 in Bows
   730 | D:4      | Reached skill level 1 in Crossbows
   730 | D:4      | Reached skill level 1 in Throwing
   730 | D:4      | Reached skill level 1 in Armour
   730 | D:4      | Reached skill level 1 in Shields
   730 | D:4      | Reached skill level 1 in Unarmed Combat
   730 | D:4      | Reached skill level 1 in Evocations
   730 | D:4      | Reached XP level 4. HP: 23/32 MP: 8/11
   742 | D:3      | Noticed Dirtsage's ghost (novice HOFi)
   808 | D:3      | Killed from afar by an orc priest

Vault maps used:
D:1:      matt_arrival_diagonals, minmay_misc_feat_four_crosses
D:2:      guppyfry_early_lair_pool
D:3:      lemuel_crystal_altar, gup_sewer_entry_spiral
D:4:      temple_doors_e

Skill      XL: |  1  2  3 |
---------------+----------+-----
Spellcasting   | 5 |  5.1
Invocations    | 1 |  1.2
Fighting       | 1 |  1.1
Short Blades   | 1 |  1.1
Long Blades    | 1 |  1.1
Axes           | 1 |  1.1
Maces & Flails | 1 |  1.1
Polearms       | 1 |  1.1
Staves         | 1 |  1.1
Slings         | 1 |  1.1
Bows           | 1 |  1.1
Crossbows      | 1 |  1.1
Throwing       | 1 |  1.1
Armour         | 1 |  1.1
Shields        | 1 |  1.1
Unarmed Combat | 1 |  1.1
Evocations     | 1 |  1.1
Dodging        | |  4.6
Stealth        | |  4.2
Conjurations   | |  0.9
Hexes          | |  0.9
Charms         | |  0.9
Summonings     | |  0.9
Necromancy     | |  7.1
Translocations | |  0.9
Transmutations | |  0.9
Fire Magic     | |  0.9
Ice Magic      | |  0.9
Air Magic      | |  0.9
Earth Magic    | |  0.9
Poison Magic   | |  0.9

Action                   |  1- 3 |  4- 6 || total
-------------------------+-------+-------++-------
Melee: Dagger            |    16 |       ||    16
       Bite              |     1 |       ||     1
 Cast: Pain              |    41 |    12 ||    53
       Regeneration      |     1 |       ||     1
  Use: Scroll            |     4 |     2 ||     6
       Potion            |     4 |     1 ||     5
 Stab: Sleeping          |     2 |       ||     2
Armor: Robe              |     6 |     2 ||     8
Dodge: Dodged            |    19 |     3 ||    22

Table legend:
 A = Spawn XP
 B = Non-spawn XP
 C = Spawn XP percentage of total XP
 D = Spawn monster count
 E = Non-spawn monster count
 F = Spawn count percentage of total count
 G = Total turns spent on level
                    A         B        C        D         E        F      G
               +---------+---------+-------+---------+---------+-------+---------
         Total |       0 |     130 |   0.0 |       0 |      33 |   0.0 |   808
               +---------+---------+-------+---------+---------+-------+---------
           D:1 |       0 |      11 |   0.0 |       0 |       8 |   0.0 |   361
           D:2 |       0 |      44 |   0.0 |       0 |      15 |   0.0 |   194
           D:3 |       0 |      38 |   0.0 |       0 |       9 |   0.0 |   248
           D:4 |       0 |      37 |   0.0 |       0 |       1 |   0.0 |     5
               +---------+---------+-------+---------+---------+-------+---------

Table legend:
 A = Turns spent in this place as a percentage of turns spent in the entire game.
 B = Non-inter-level travel turns spent in this place as a percentage of non-inter-level travel turns spent in the entire game.
 C = Inter-level travel turns spent in this place as a percentage of turns spent in this place.
 D = Turns resting spent in this place as a percentage of non-inter-level travel turns spent in this place.
 E = Turns spent auto-exploring this place as a percentage of non-inter-level travel turns spent in this place.
 F = Non-inter-level travel turns spent in this place divided by the number of levels of this place that you've seen.
                   A       B       C       D       E      F
               +-------+-------+-------+-------+-------+----------------------
         Total | 100.0 | 100.0 |   7.7 |   0.0 |   0.0 | 186.5
       Dungeon | 100.0 | 100.0 |   7.7 |   0.0 |   0.0 | 186.5
               +-------+-------+-------+-------+-------+----------------------

Table legend:
 A = Kills in this place as a percentage of kills in entire the game.
 B = Kills by you in this place as a percentage of kills by you in the entire game.
 C = Kills by friends in this place as a percentage of kills by friends in the entire game.
 D = Other kills in this place as a percentage of other kills in the entire game.
 E = Experience gained in this place as a percentage of experience gained in the entire game.
 F = Experience gained in this place divided by the number of levels of this place that you have seen.
                   A       B       C       D       E      F
               +-------+-------+-------+-------+-------+----------------------
         Total | 100.0 | 100.0 |   N/A |   N/A | 100.0 |  32.5
       Dungeon | 100.0 | 100.0 |   N/A |   N/A | 100.0 |  32.5
               +-------+-------+-------+-------+-------+----------------------

Vault maps used:
D:1:      matt_arrival_diagonals, minmay_misc_feat_four_crosses
D:2:      guppyfry_early_lair_pool
D:3:      lemuel_crystal_altar, gup_sewer_entry_spiral
D:4:      temple_doors_e
